 Dungeon Crawl Stone Soup version 0.19-a0-967-ga3cd88f (webtiles) character file.

174 JInAPerfectWorld the Insei (level 5, 0/28 HPs)
             Began as a Vine Stalker Monk on May 31, 2016.
             Slain by a crocodile (7 damage)
             ... on level 4 of the Dungeon on July 12, 2016.
             The game lasted 00:32:31 (1875 turns).

JInAPerfectWorld the Insei (Vine Stalker Monk)      Turns: 1875, Time: 00:32:31

Health: 0/28       AC:  3    Str: 13    XL:     5   Next: 54%
Magic:  0/16       EV: 14    Int: 16    God:
Gold:   105        SH:  0    Dex: 17    Spells: 0 memorised, 6 levels left

rFire  . . .     SeeInvis .       - Unarmed
rCold  . . .     Gourm    .     a - +0 robe
rNeg   . . .     Faith    .     (no shield)
rPois  .         Spirit   +     (no helmet)
rElec  .         Dismiss  .     (no cloak)
rCorr  .         Reflect  .     c - +0 pair of gloves
SustAt .         Harm     .     (no boots)
MR     .....                    (no amulet)
Stlth  +++.......               m - +5 ring of intelligence
                                l - ring of magical power

@: not resistant to hostile enchantments, fairly stealthy
A: fangs 2, regeneration 1, magic shield, antimagic bite, no device heal 3, rot
immunity
a: no special abilities


You were on level 4 of the Dungeon.
You were not hungry.

You visited 1 branch of the dungeon, and saw 4 of its levels.

You collected 105 gold pieces.

Inventory:

Hand Weapons
 d - a +0 dagger
 f - a +0 club
 j - a +0 dagger
 p - a +0 short sword
 r - a +0 spear
 s - a +0 blowgun
 u - a +2 quarterstaff of chaos
 y - a +1 dagger of flaming
Missiles
 e - 16 stones (quivered)
 h - 4 javelins
 t - 31 poisoned needles
Armour
 a - a +0 robe (worn)
 c - a +0 pair of gloves (worn)
 g - a +0 robe
 v - a +0 cloak of poison resistance
 x - a +0 helmet
Jewellery
 l - a ring of magical power (left hand)
 m - a +5 ring of intelligence (right hand)
 n - an uncursed ring of fire
Scrolls
 k - a scroll of fog {unknown}
 o - a scroll of magic mapping {unknown}
 q - a scroll of teleportation {unknown}
Potions
 i - a potion of heal wounds {unknown}
 z - a potion of curing {unknown}
 A - a potion of ambrosia {unknown}
Comestibles
 b - 3 bread rations
 w - 8 chunks of flesh


   Skills:
 - Level 3.6 Fighting
 + Level 0.1 Staves
 + Level 3.7 Dodging
 - Level 3.5 Stealth
 - Level 4.1 Unarmed Combat
 * Level 1.3 Spellcasting


You had 6 spell levels left.
You didn't know any spells.

Dungeon Overview and Level Annotations

Branches:
Dungeon (4/15)
 Temple: D:4-7

Altars:
Dithmenos
Pakellas

Annotations:
D:3 Terence


Innate Abilities, Weirdness & Mutations

You have extremely sharp teeth.
Your natural rate of healing is unusually fast.
When hurt, damage is shared between your health and your magic reserves.
Your bite disrupts and absorbs the magic of your enemies.
Potions and wands cannot restore your health.
You are immune to rotting.


Message History

You butcher the jackal corpse.
w - 8 chunks of flesh (gained 2)
There is a stone staircase leading down here.
You climb downwards.
There is a stone staircase leading up here.
The crocodile bites you!
You hit the crocodile. You bite the crocodile. You drain its power.
You feel invigorated.
The crocodile is moderately wounded.
The crocodile bites you.
You hit the crocodile.
The crocodile is moderately wounded.
The crocodile bites you!
* * * LOW HITPOINT WARNING * * *
There is a stone staircase leading up here.
You hit the crocodile. You bite the crocodile. You drain its power.
You feel invigorated.
The crocodile is heavily wounded.
The crocodile bites you!!
You die...

#... #..) #...#
#.... ##....
#.....##
#......#
#.....@#####.##
##.....t.......
##......?....#
####>########
#.# #.# ## #.#
#. #.# #. #. #.


You could see a crocodile.

Vanquished Creatures
  Crazy Yiuf (D:2)
  Jessica (D:3)
  3 gnolls
  2 adders (D:2)
  A worm (D:2)
  2 giant geckos (D:1)
  An orc (D:3)
  9 bats
  7 giant cockroaches
  7 goblins
  5 hobgoblins
  5 jackals
  3 quokkas
  5 giant newts
  7 kobolds
  5 rats (D:1)
64 creatures vanquished.

Vanquished Creatures (others)
  A goblin (D:1)
1 creature vanquished.

Grand Total: 65 creatures vanquished

Notes
Turn   | Place    | Note
-------+----------+-------------------------------------------
     0 | D:1      | JInAPerfectWorld the Vine Stalker Monk began the quest for the Orb.
     0 | D:1      | Reached XP level 1. HP: 11/11 MP: 2/2
    24 | D:1      | Reached XP level 2. HP: 12/16 MP: 3/3
   211 | D:1      | Reached XP level 3. HP: 19/20 MP: 4/4
   512 | D:2      | Found a shadowy altar of Dithmenos.
   680 | D:2      | Reached skill level 1 in Spellcasting
   729 | D:2      | Reached XP level 4. HP: 13/24 MP: 6/6
   966 | D:3      | Noticed Jessica
   980 | D:3      | Killed Jessica
  1065 | D:2      | Reached XP level 5. HP: 8/28 MP: 6/7
  1254 | D:4      | Noticed a crocodile
  1287 | D:2      | Upgraded the game from 0.19-a0-434-gc164773 to 0.19-a0-967-ga3cd88f
  1393 | D:2      | Noticed Crazy Yiuf
  1407 | D:2      | Killed Crazy Yiuf
  1699 | D:3      | Found an oddly glowing altar of Pakellas.
  1699 | D:3      | Noticed Terence
  1875 | D:4      | Slain by a crocodile

Vault maps used:
D:1:      minmay_arrival_glassed_features, monster_avoids_cloud
D:2:      first_bread, nicolae_dithmenos_shadow_blocks, uniq_crazy_yiuf_cottage
D:3:      nicolae_overflow_hidden_temple, supply_closet_lemuel,
          grunt_pakellas_basics, uniq_jessica, uniq_terence
D:4:      nicolae_elemental_shop, uniq_sigmund

Skill      XL: |  1  2  3  4 |
---------------+-------------+-----
Fighting       | 3 |  3.6
Spellcasting   | 1 |  1.3
Stealth        | 3 |  3.5
Dodging        | 3 |  3.7
Staves         | |  0.1
Unarmed Combat | |  4.1

Action                   |  1- 3 |  4- 6 || total
-------------------------+-------+-------++-------
Melee: Unarmed           |   105 |    69 ||   174
       Bite              |    24 |    23 ||    47
       Punch             |     2 |       ||     2
       Quarterstaff      |       |    11 ||    11
Throw: Stone             |    13 |       ||    13
  Use: Scroll            |     2 |       ||     2
 Stab: Sleeping          |     4 |     9 ||    13
  Eat: Chunk             |       |     4 ||     4
Armor: Robe              |    25 |     9 ||    34
Dodge: Dodged            |    71 |    46 ||   117
